 Dungeon Crawl Stone Soup version 0.24.0-37-gcf1ca852f1 (webtiles) character file.

Game seed: 9327838245296427223, levelgen mode: deterministic

67 Descartes the Skirmisher (level 4, 0/37 HPs)
             Began as a Formicid Abyssal Knight on Dec 2, 2019.
             Was a Follower of Lugonu.
             Slain by Terence
             ... wielding a +1 short sword of venom
              (5 damage)
             ... on level 2 of the Dungeon.
             The game lasted 00:03:33 (1874 turns).

Descartes the Skirmisher (Formicid Abyssal Knight)  Turns: 1874, Time: 00:03:34

Health: 0/37       AC:  7    Str: 17    XL:     4   Next: 38%
Magic:  6/6        EV: 10    Int: 12    God:    Lugonu [*.....]
Gold:   144        SH:  0    Dex: 10    Spells: 3/3 levels left

rFire    . . .     SeeInvis +   a - +1 hand axe
rCold    . . .     Gourm    .   (no shield)
rNeg     . . .     Faith    .   j - +1 scale mail
rPois    .         Spirit   .   (helmet unavailable)
rElec    .         Reflect  .   (no cloak)
rCorr    .         Harm     .   (no gloves)
MR       .....                  r - +2 pair of boots {Stlth+}
Stlth    +.........             (no amulet)
HPRegen  0.12/turn              p - -3 ring of protection (curse)
MPRegen  0.10/turn              (no ring)

@: lethally poisoned (0 -> -37)
A: permanent stasis, dig shafts and tunnels, four strong arms, antennae 3
a: Dig, Shaft Self, Depart the Abyss, Renounce Religion


You were on level 2 of the Dungeon.
You worshipped Lugonu.
Lugonu was aware of your devotion.
You were not hungry.

You visited 1 branch of the dungeon, and saw 2 of its levels.
You visited the Abyss 1 time.

You collected 144 gold pieces.

Inventory:

Hand Weapons
 a - a +1 hand axe (weapon)
Missiles
 g - 61 stones (quivered)
 i - 35 arrows
 k - 22 sling bullets
Armour
 b - a +0 leather armour
 j - a +1 scale mail (worn)
 r - a +2 pair of boots of stealth (worn)
Jewellery
 p - a cursed -3 ring of protection (left hand)
Wands
 l - a wand of disintegration (8)
Scrolls
 h - a scroll of enchant armour
 o - a scroll of identify
Potions
 d - a potion of ambrosia {unknown}
 e - a potion of resistance
 f - a potion of brilliance
 m - a potion of curing
Comestibles
 c - 3 rations
 q - 5 chunks of flesh


   Skills:
 + Level 3.8 Fighting
 - Level 2.0 Axes
 + Level 3.0 Armour
 + Level 1.6 Dodging
 + Level 3.0 Invocations
 + Level 1.0 Evocations


You had 3 spell levels left.
You didn't know any spells.
Your spell library was empty.

Dungeon Overview and Level Annotations

Branches:
Dungeon (2/15)

Altars:

Annotations:
D:2 Terence


Innate Abilities, Weirdness & Mutations

You cannot be hasted, slowed, berserked, paralysed or teleported.
You can dig through walls and to a lower floor.
Your four strong arms can wield two-handed weapons with a shield.
You have a pair of large antennae on your head. (SInv)


Message History

Terence is almost dead.
You feel sick. Terence barely misses you.
Your scale mail prevents you from hitting Terence.
Terence is almost dead.
You feel sick. Terence hits you but does no damage.
You are more poisoned.
You closely miss Terence.
Terence is almost dead.
You feel sick.
Terence hits you with a +1 short sword of venom.
* * * LOW HITPOINT WARNING * * *
You are more poisoned.
Terence hits you but does no damage.
You are more poisoned.
Your scale mail prevents you from hitting Terence.
Terence is almost dead.
* * * LOW HITPOINT WARNING * * *
You feel very sick.
Terence hits you with a +1 short sword of venom.
You die...

#....* #>....,..,,,,,,,,,,,,,
*....###.#...*.#***,,,******,
*,...,.....###.#####********,
**#.#**#..........).,,,,,,,,,
#?####..#.......#######****
#...............#.....#
#<....###.####..#.....#
#.....#...####..#.....#
####......@@gr........#
##########.###.....#
###.###.....# #.....).....#
#######{....# #.....#
#.....##### ##.......).
#..)......


You could see Terence, a goblin and a rat.

Vanquished Creatures
  4 adders (D:2)
  A dart slug (D:1)
  2 giant cockroaches
  2 hobgoblins
  2 jackals (D:1)
  3 bats (D:1)
  A frilled lizard (D:2)
  5 goblins
  4 kobolds
  9 rats
33 creatures vanquished.

Notes
Turn   | Place    | Note
-------+----------+-------------------------------------------
     0 | Abyss:1  | Descartes the Formicid Abyssal Knight began the quest for
                  | the Orb.
     0 | Abyss:1  | Reached XP level 1. HP: 18/18 MP: 2/2
    24 | Abyss:1  | Noticed an iron imp
    24 | Abyss:1  | Noticed a guardian serpent
    24 | Abyss:1  | Noticed an ancient zyme
    28 | D:1      | Escaped the Abyss
   237 | D:1      | Reached skill level 1 in Dodging
   242 | D:1      | Reached * piety under Lugonu
   249 | D:1      | Reached XP level 2. HP: 14/24 MP: 3/3
  1126 | D:1      | Reached XP level 3. HP: 29/29 MP: 4/4
  1545 | D:2      | Reached XP level 4. HP: 20/37 MP: 6/6
  1830 | D:2      | Noticed Terence
  1862 | D:2      | Reached skill level 1 in Evocations
  1874 | D:2      | Slain by Terence

Levels and vault maps discovered:
D:1:      lightli_arrival_boilingwater, layout_loops_ring, chequers_garden,
          minmay_rat_gold_closets
D:2:      layout_basic, lemuel_crystal_altar, uniq_jessica, uniq_sigmund,
          uniq_terence

Skill      XL: |  1  2  3  4 |
---------------+-------------+-----
Dodging        | 1 |  1.6
Armour         | 3 |  3.0
Invocations    | 3 |  3.0
Evocations     | 1 |  1.0
Fighting       | |  3.8
Axes           | |  2.0

Action                   |  1- 3 |  4- 6 || total
-------------------------+-------+-------++-------
Melee: Hand axe          |   108 |    28 ||   136
Invok: Depart the Abyss  |     1 |       ||     1
  Use: Scroll            |     5 |     2 ||     7
  Eat: Chunk             |     2 |     1 ||     3
Armor: Leather armour    |    24 |       ||    24
       Scale mail        |    37 |    16 ||    53
Dodge: Dodged            |    78 |     9 ||    87
